Map: Babylon LE

Players

MattBarry

  • Race: Zerg Zerg
  • League: Gold
  • Spawn Location: 5:00

darkkiss - Winner!

  • Race: Terran Terran
  • League: Diamond
  • Spawn Location: 11:00

VOD

Have the link to the VOD?

Description

Time

  • Played on: Jan. 30, 2023, 8:53 a.m.
  • Length: 13:51
Show
View Real Time Build Order
Export as new Build Order

MattBarry Zerg 

Build Orders: Hatch First 

Get SALT Encoding   

  12  0:00  Drone  
  13  0:12  Overlord  
  13  0:17  Drone  
  14  0:30  Drone x2  
  16  0:49  Hatchery  
  15  0:52  Drone  
  15  0:55  Drone  
  17  0:58  Drone  
  18  1:05  Extractor  
  17  1:17  Spawning Pool  
  16  1:22  Drone  
  16  1:23  Drone  
  18  1:30  Drone  
  19  1:39  Drone  
  20  1:49  Overlord  
  20  2:14  Queen  
  24  2:18  Metabolic Boost  
  22  2:28  Zergling x4  
  22  2:29  Zergling x2  
  25  2:37  Queen  
  26  2:56  Drone x5  
  31  3:03  Drone  
  32  3:10  Drone  
  32  3:12  Overlord  
  32  3:38  Zergling x4  
  34  3:46  Queen x2  
  36  4:03  Drone x5  
  36  4:04  Drone x3  
  44  4:11  Hatchery  
  41  4:23  Baneling Nest  
  40  4:26  Lair  
  40  4:27  Roach Warren, Hatchery  
  38  4:42  Drone  
  38  4:43  Drone x4  
  38  4:45  Zergling x2  
  44  4:55  Overlord x2  
  44  5:20  Spore Crawler x2  
  42  5:23  Spore Crawler  
  42  5:24  Spore Crawler  
  42  5:26  Extractor  
  42  5:27  Drone  
  42  5:28  Drone x8  
  47  5:29  Extractor x2  
  47  5:31  Queen  
  50  5:38  Queen  
  52  5:43  Pneumatized Carapace  
  52  5:45  Drone x2  
  52  5:46  Drone, Overlord x2  
  53  5:54  Queen  
  55  6:11  Zergling x12  
  57  6:12  Roach x4  
  69  6:26  Queen  
  69  6:27  Drone  
  69  6:28  Drone, Overlord x2  
  69  6:29  Drone  
  74  6:36  Zergling x10  
  74  6:37  Zergling x2  
  79  6:42  Evolution Chamber  
  79  6:44  Evolution Chamber  
  74  6:47  Evolution Chamber  
  70  7:02  Infestation Pit  
  70  7:04  Roach x4, Hydralisk Den  
  72  7:13  Queen x3  
  70  7:15  Roach  
  70  7:16  Roach  
  70  7:17  Zergling x2  
  61  7:31  Zergling x18  
  61  7:32  Zergling x2  
  60  8:06  Drone  
  60  8:07  Drone x10  
  60  8:08  Spawning Pool  
  70  8:34  Drone x6, Overlord  
  72  8:35  Overlord x3  
  76  8:47  Zerg Ground Armor Level 1  
  76  8:50  Zerg Melee Weapons Level 1  
  76  8:54  Drone x7  
  83  9:21  Spore Crawler  
  82  9:24  Spine Crawler  
  77  9:34  Zergling x26  
  77  9:35  Zergling x12  
  85  9:50  Zergling x8  
  89  9:55  Drone x2  
  91  10:09  Hatchery  
  83  10:15  Hatchery  
  78  10:27  Roach Warren  
  77  10:30  Pathogen Glands  
  77  10:48  Zergling x16  
  71  10:54  Zergling x2  
  72  11:05  Baneling Nest  
  71  11:12  Spine Crawler  
  65  11:19  Zergling x12  
  71  11:29  Spine Crawler  
  71  11:30  Spine Crawler  
  69  11:35  Zergling x8  
  69  11:36  Zergling x12  
  79  11:52  Overlord  
  79  11:53  Zergling x16  
  79  11:54  Zergling x2  
  88  12:01  Centrifugal Hooks  
  88  12:03  Baneling x6  
  88  12:04  Baneling x2  
  88  12:06  Burrow  
  88  12:22  Baneling x2  
  86  12:23  Baneling x3  
  86  12:28  Overseer  
  85  12:39  Baneling x6  
  85  12:40  Baneling  
  85  12:48  Queen x2  
  89  13:00  Zergling x4  
  89  13:03  Zergling x2, Hatchery  
  70  13:16  Zergling x12  
  64  13:21  Zergling x6  
  64  13:22  Zergling x6  
  70  13:29  Zergling x6  
  70  13:31  Baneling x3  
  70  13:33  Baneling  
  73  13:35  Baneling  
Show
View Real Time Build Order
Export as new Build Order

darkkiss Terran - Winner!

Build Orders: Reaper Expand 

Get SALT Encoding   

  12  0:01  SCV  
  13  0:13  SCV  
  14  0:18  Supply Depot  
  14  0:25  SCV  
  15  0:39  SCV  
  15  0:40  Barracks  
  16  0:46  Refinery  
  16  0:51  SCV  
  17  1:04  SCV  
  18  1:16  SCV  
  19  1:28  Reaper  
  19  1:31  Supply Depot  
  19  1:32  Orbital Command  
  20  1:57  Command Center  
  20  1:58  SCV  
  20  2:00  Marine  
  22  2:12  Barracks  
  22  2:14  SCV, Refinery  
  23  2:19  Barracks Reactor  
  23  2:37  Bunker  
  23  3:03  Marine x2  
  25  3:21  Marine x2  
  25  3:25  Supply Depot  
  27  3:28  Orbital Command  
  27  3:30  Barracks Tech Lab  
  27  3:33  SCV  
  28  3:39  Factory  
  27  3:45  Marine x2, SCV  
  30  3:53  Orbital Command  
  30  3:59  Supply Depot  
  30  4:09  Stimpack  
  30  4:11  Marine x2  
  30  4:12  Marine  
  30  4:16  SCV  
  34  4:19  Engineering Bay  
  34  4:21  Engineering Bay  
  34  4:24  Factory Reactor  
  34  4:28  SCV  
  34  4:29  Marine x3  
  34  4:31  Starport  
  38  4:34  SCV  
  39  4:40  SCV  
  39  4:43  Supply Depot  
  40  4:47  Marine  
  40  4:48  SCV  
  40  4:50  Marine  
  40  4:51  Marine  
  44  4:53  SCV  
  45  5:00  SCV  
  45  5:05  Marine, SCV  
  48  5:07  Supply Depot  
  48  5:12  SCV  
  48  5:15  Marine x2  
  48  5:17  SCV  
  51  5:23  Factory Tech Lab  
  51  5:24  Barracks, SCV  
  52  5:29  SCV, Terran Infantry Weapons Level 1  
  52  5:30  Terran Infantry Armor Level 1  
  53  5:36  SCV, Medivac  
  53  5:38  Medivac  
  53  5:39  Marine  
  53  5:41  SCV  
  53  5:42  Marine x2  
  61  5:48  SCV, Siege Tank  
  61  5:49  Combat Shield  
  66  5:51  Supply Depot  
  66  5:57  SCV  
  66  6:00  SCV  
  66  6:01  Refinery  
  68  6:06  Medivac  
  68  6:09  SCV  
  71  6:11  Marine  
  71  6:12  Marine x2  
  71  6:13  SCV  
  75  6:27  Supply Depot  
  75  6:31  Marine  
  75  6:32  Marine x2  
  78  6:33  Siege Tank  
  78  6:35  Barracks Reactor  
  78  6:39  Command Center  
  81  6:40  Medivac  
  78  7:56  Marine x3  
  66  8:04  Marine x2  
  68  8:06  Orbital Command  
  68  8:13  Barracks  
  68  8:14  Barracks, Marine x3  
  68  8:16  Hi-Sec Auto Tracking  
  68  8:17  Armory  
  71  8:22  Marine x2  
  71  8:25  Refinery  
  73  8:32  Marine x3  
  76  8:36  Supply Depot  
  76  8:40  Marine x2  
  78  8:49  Marine  
  78  8:50  Marine x2  
  81  8:58  Marine x2  
  83  9:03  Barracks Reactor  
  83  9:07  Marine x2  
  83  9:08  Terran Infantry Weapons Level 2, Marauder  
  87  9:10  Supply Depot  
  87  9:11  Barracks Reactor  
  87  9:12  Supply Depot, Terran Infantry Armor Level 2  
  87  9:15  Marine  
  87  9:16  Marine  
  89  9:25  Marine x2  
  89  9:30  Marauder  
  93  9:33  Marine x2  
  95  9:43  Marine x2  
  97  9:51  Marine x2, Marauder  
  99  10:01  Marine x2  
  101  10:09  Marine x2  
  101  10:12  Marauder  
  102  10:15  Marine x4  
  102  10:19  Marine x2  
  98  10:27  Marine x2  
  100  10:29  Medivac  
  100  10:30  Medivac  
  100  10:32  Marine  
  100  10:33  Marine x4  
  109  10:36  Marine  
  109  10:37  Marine  
  111  10:43  Orbital Command, Siege Tank  
  111  10:44  Marine  
  111  10:45  Marine  
  111  10:47  Supply Depot  
  116  10:50  Supply Depot, Marine x2  
  116  10:51  Marine x3  
  116  10:54  Marine x2  
  116  10:57  Command Center  
  123  10:59  Medivac  
  123  11:00  Medivac  
  123  11:02  Marine x2  
  129  11:08  Marine x4  
  129  11:09  Marine  
  134  11:12  Marine x2  
  134  11:15  Siege Tank  
  139  11:25  Marine  
  139  11:26  Marine x5  
  139  11:27  Marine  
  139  11:30  Marine x2  
  148  11:43  Marine  
  149  12:07  Marine x6, SCV x2  
  149  12:08  Marine x3, SCV, Siege Tank  
  164  12:09  Supply Depot  
  164  12:11  Supply Depot  
  164  12:12  Planetary Fortress  
  164  12:14  Supply Depot  
  162  12:19  SCV  
  162  12:20  SCV  
  162  12:25  Marine x3  
  162  12:26  Marine  
  161  12:38  Marine  
  161  12:39  Marine x4  
  161  12:40  Siege Tank  
  161  12:42  Supply Depot  
  161  12:43  Marine x4  
  172  12:56  Marine  
  172  12:57  Marine x4  
  177  13:00  Marine x3  
  177  13:01  Marine  
  175  13:05  Supply Depot  
  175  13:14  Marine x5  
  175  13:18  Marine x3  
  175  13:19  Marine  
  173  13:32  Marine x5  
Tags
 
Add a new tag
Caveats
  • Supply blocks, unpowered buildings, or Contaminate may cause inaccurate times.
  • Supply counts are checked every 10 seconds.